[Event "Titled Tuesday Blitz June 27 Late 2023"]
[White "Titichoca Daza, Daniel"]
[Black "Liyanage, Ranindu Dilshan"]
[WhiteFideId "3309550"]
[BlackFideId "9915834"]
[WhiteElo "2460"]
[BlackElo "2645"]
[Result "1-0"]
[Round "3"]
[TimeControl "180+2"]
[Date "2023.06.27"]
[WhiteClock "0:00:52"]
[BlackClock "0:00:44"]
[Board "87"]

1. e4 c5 2. Nc3 Nc6 3. Nf3 e6 4. d4 cxd4 5. Nxd4 Qc7 6. Be3 a6 7. a3 b5 8. f4 Bb7 9. Qf3 Nf6 10. Bd3 Rc8 11. O-O Bc5 12. Nb3 Be7 13. Qg3 d6 14. Rae1 Nh5 15. Qh3 Nf6 16. Qg3 h5 17. Kh1 h4 18. Qh3 Na5 19. e5 Nh5 20. Nxa5 Qxa5 21. f5 Kd7 22. fxe6+ fxe6 23. exd6 Bxd6 24. Rf7+ Be7 25. Bg5 Ng3+ 26. hxg3 hxg3 27. Rxe7+ Kc6 28. R1xe6+ Kc5 29. Be3# 1-0


[Site "https://www.chess.com"]

[Event "Titled Tuesday Blitz June 27 Late 2023"]
[White "Ashraf, Artin"]
[Black "Manukian, Artak"]
[WhiteFideId "22514805"]
[BlackFideId "13301373"]
[WhiteElo "2645"]
[BlackElo "2456"]
[Result "1-0"]
[Round "3"]
[TimeControl "180+2"]
[Date "2023.06.27"]
[WhiteClock "0:00:17"]
[BlackClock "0:00:02"]
[Board "88"]

1. e4 c6 2. d3 d5 3. Nf3 Bg4 4. Be2 Qc7 5. h3 Bh5 6. Nh4 Bg6 7. f4 f6 8. Bh5 Kf7 9. Qg4 Bxh5 10. Qxh5+ g6 11. Nxg6 hxg6 12. Qxh8 dxe4 13. O-O exd3 14. f5 gxf5 15. Qh5+ Kg7 16. cxd3 e5 17. Qxf5 Bc5+ 18. Kh1 Nd7 19. Nc3 Ne7 20. Qg4+ Kf7 21. Qc4+ Ke8 22. Ne4 b5 23. Qc2 Bd4 24. Nxf6+ Nxf6 25. Rxf6 Kd7 26. Qb3 Rh8 27. Qe6+ Ke8 28. Bg5 Qd7 29. Raf1 Qxe6 30. Rxe6 Bc5 31. Rxe5 Bd6 32. Rxe7+ Bxe7 33. Re1 Rh7 34. h4 c5 35. g4 a5 36. h5 a4 37. h6 c4 38. Rxe7+ Rxe7 39. Bxe7 Kxe7 40. dxc4 bxc4 41. h7 a3 42. h8=Q 1-0


[Site "https://www.chess.com"]

[Event "Titled Tuesday Blitz June 27 Late 2023"]
[White "reevecanada"]
[Black "Mickiewicz, Piotr"]
[BlackFideId "1114891"]
[WhiteElo "2643"]
[BlackElo "2453"]
[Result "1-0"]
[Round "3"]
[TimeControl "180+2"]
[Date "2023.06.27"]
[WhiteClock "0:00:42"]
[BlackClock "0:00:07"]
[Board "89"]

1. e4 c6 2. c4 d5 3. cxd5 cxd5 4. exd5 Nf6 5. Nc3 Nxd5 6. Nf3 e6 7. d4 Be7 8. Bd3 O-O 9. h4 Nc6 10. Bb1 b6 11. Ng5 Nf6 12. Be3 Ba6 13. a3 Rc8 14. Qa4 Na5 15. Qc2 g6 16. h5 Nd5 17. Nxh7 Nxe3 18. fxe3 Bh4+ 19. Kd1 Kxh7 20. hxg6+ Kg7 21. gxf7 Rh8 22. g3 Qg5 23. gxh4 Qg4+ 24. Ke1 Rxh4 25. Rxh4 Qxh4+ 26. Qf2 Qxf2+ 27. Kxf2 Nb3 28. Ra2 Bc4 29. Be4 Kxf7 30. a4 a5 31. Ra3 Ke7 32. Nb5 Rf8+ 33. Kg3 Nd2 34. Bg2 Rg8+ 35. Kf2 Rf8+ 36. Ke1 Nf3+ 37. Bxf3 Rxf3 38. Rc3 Rf1+ 39. Kd2 Bxb5 40. axb5 Rf2+ 41. Kc1 e5 42. dxe5 Ke6 43. Rc6+ Kxe5 44. Rxb6 Re2 45. Rh6 Kd5 46. b6 Rxe3 47. Kc2 Re2+ 48. Kb3 Re3+ 49. Ka4 Re7 50. Kxa5 Kc5 51. Ka6 Re4 52. Rh5+ Kc6 53. b3 Re1 54. b7 Ra1+ 55. Ra5 Rxa5+ 56. Kxa5 Kxb7 57. Kb5 1-0


[Site "https://www.chess.com"]

[Event "Titled Tuesday Blitz June 27 Late 2023"]
[White "Luong Phuong Hanh"]
[Black "Vlassov, Nikolai"]
[WhiteFideId "12401013"]
[BlackFideId "4103360"]
[WhiteElo "2450"]
[BlackElo "2638"]
[Result "1-0"]
[Round "3"]
[TimeControl "180+2"]
[Date "2023.06.27"]
[WhiteClock "0:00:05"]
[BlackClock "0:00:01"]
[Board "90"]

1. d4 Nf6 2. Nf3 e6 3. e3 c5 4. Bd3 b6 5. O-O Bb7 6. c4 Be7 7. Nc3 d6 8. e4 cxd4 9. Nxd4 a6 10. f3 Nbd7 11. Be3 Qc7 12. Rc1 O-O 13. Qe2 Rac8 14. b3 Qb8 15. Rfd1 d5 16. cxd5 exd5 17. Nf5 Ba3 18. Rc2 Ne5 19. Bxa6 dxe4 20. Bxb7 Qxb7 21. Nxe4 Nxe4 22. Rxc8 Rxc8 23. fxe4 Qxe4 24. Ng3 Qc6 25. Kh1 h6 26. Bxh6 Ng6 27. Be3 Re8 28. Qf2 b5 29. Rf1 Qd5 30. Nf5 Re5 31. Bd4 Rxf5 32. Qxf5 Qxd4 33. Qxf7+ Kh7 34. Qf5 Qh4 35. g3 Qh6 36. Rf4 Be7 37. Kg2 Kg8 38. Qf7+ Kh7 39. Qf5 Kg8 40. Qe6+ Kh7 41. Qe4 Bf6 42. h4 Be5 43. Rg4 Qd2+ 44. Kh3 Qd6 45. Rxg6 Qxg6 46. Qxe5 Qc2 47. Qxb5 Qxa2 48. Qf5+ Kg8 49. b4 Qc4 50. b5 Qb3 51. Qc8+ Kh7 52. Qf5+ Kg8 53. Qc8+ Kh7 54. Qc5 Qb1 55. Kg4 Qd1+ 56. Kh3 Qf1+ 57. Kh2 Qe2+ 58. Kh3 Qf1+ 59. Kg4 Qe2+ 60. Kf4 Qd2+ 61. Qe3 Qd6+ 62. Qe5 Qd2+ 63. Kf3 Qd1+ 64. Qe2 Qb3+ 65. Kg2 Qd5+ 66. Kh2 Qb3 67. Qe4+ Kh6 68. Qe2 Qb4 69. Qe3+ Kh7 70. Qg5 Qd2+ 71. Qxd2 Kg6 72. Qd3+ 1-0


[Site "https://www.chess.com"]

[Event "Titled Tuesday Blitz June 27 Late 2023"]
[White "Herman, Daniel"]
[Black "Adewumi, Tanitoluwa"]
[WhiteFideId "30935008"]
[BlackFideId "30966396"]
[WhiteElo "2448"]
[BlackElo "2633"]
[Result "1-0"]
[Round "3"]
[TimeControl "180+2"]
[Date "2023.06.27"]
[WhiteClock "0:01:08"]
[BlackClock "0:00:00"]
[Board "91"]

1. d4 Nf6 2. Nf3 e6 3. Bf4 b6 4. Nbd2 Bb7 5. e3 d5 6. Bd3 Bd6 7. Qe2 O-O 8. O-O c5 9. c3 Nc6 10. Ne5 Qc7 11. Ndf3 Ne4 12. Nxc6 Bxf4 13. Ne7+ Qxe7 14. exf4 Qd6 15. g3 f6 16. Rad1 Rae8 17. Rfe1 Qc7 18. c4 cxd4 19. Nxd4 Nc5 20. Bc2 dxc4 21. Qxc4 Bd5 22. Qe2 Ba8 23. b4 Qb7 24. f3 e5 25. bxc5 exd4 26. Bb3+ Kh8 27. Qxe8 1-0


[Site "https://www.chess.com"]

[Event "Titled Tuesday Blitz June 27 Late 2023"]
[White "Kavutskiy, Konstantin"]
[Black "Mazurkiewicz, Michal"]
[WhiteFideId "2026384"]
[BlackFideId "1124943"]
[WhiteElo "2633"]
[BlackElo "2447"]
[Result "1-0"]
[Round "3"]
[TimeControl "180+2"]
[Date "2023.06.27"]
[WhiteClock "0:00:11"]
[BlackClock "0:00:00"]
[Board "92"]

1. d4 Nf6 2. Bg5 e6 3. Nd2 d5 4. e3 Be7 5. Bd3 b6 6. c3 Bb7 7. f4 c5 8. Bxf6 Bxf6 9. Ngf3 O-O 10. Ne5 Ba6 11. Bxa6 Nxa6 12. O-O Nc7 13. Ndf3 Nb5 14. g4 h6 15. Qe1 Nd6 16. h4 Ne4 17. g5 Bxe5 18. Nxe5 h5 19. f5 exf5 20. Rxf5 g6 21. Rf4 Qd6 22. Qf1 Ng3 23. Qf3 Nf5 24. Rxf5 gxf5 25. Qxh5 Kg7 26. Rf1 Qe6 27. Rf4 Rh8 28. Qf3 Raf8 29. h5 f6 30. h6+ Kg8 31. Rxf5 Rh7 32. Ng4 Qe4 33. Qxe4 dxe4 34. Nxf6+ Kh8 35. Re5 Rhf7 36. Rxe4 Rxf6 37. gxf6 Rxf6 38. Re7 Rxh6 39. Rxa7 Rg6+ 40. Kf2 Rf6+ 41. Ke2 Rh6 42. Kd3 Rh2 43. b3 Kg8 44. Ra6 cxd4 45. exd4 b5 46. Ra5 Rh3+ 47. Ke4 Rxc3 48. Rxb5 Rc2 49. a4 Kf7 50. a5 Ke7 51. Rb7+ Kd6 52. b4 Ra2 53. Rb6+ Kc7 54. Kd5 Rh2 55. Kc5 Rh5+ 56. d5 Rh1 57. Rg6 Rc1+ 58. Kb5 Rd1 59. d6+ Kd7 60. Kb6 Rd4 61. b5 Rc4 62. a6 Rc8 63. a7 Rb8+ 64. Ka6 Ra8 65. b6 Rb8 66. Rg7+ Kxd6 67. axb8=Q+ 1-0


[Site "https://www.chess.com"]

[Event "Titled Tuesday Blitz June 27 Late 2023"]
[White "Karas, Marek"]
[Black "cafu1950"]
[WhiteFideId "14928558"]
[WhiteElo "2446"]
[BlackElo "2629"]
[Result "0-1"]
[Round "3"]
[TimeControl "180+2"]
[Date "2023.06.27"]
[WhiteClock "0:00:00"]
[BlackClock "0:00:18"]
[Board "93"]

1. d4 Nf6 2. Bf4 g6 3. Nc3 d6 4. e4 Bg7 5. Qd2 c6 6. Bd3 Nbd7 7. Nf3 b5 8. Bh6 Bxh6 9. Qxh6 b4 10. Ne2 Qc7 11. O-O Bb7 12. c3 bxc3 13. bxc3 c5 14. Ng3 c4 15. Bc2 O-O-O 16. Qc1 Qa5 17. Qb2 Nb6 18. Rab1 h5 19. Nd2 Rd7 20. Qb4 Qxb4 21. Rxb4 Rc7 22. Rfb1 h4 23. Ne2 Rh5 24. a4 Ra5 25. Rb5 Rxb5 26. Rxb5 Bc6 27. Rb4 d5 28. a5 Nbd7 29. exd5 Bxd5 30. Nf4 e6 31. f3 Nb8 32. Ne4 Bxe4 33. fxe4 Na6 34. Rb1 Rb7 35. Rxb7 Kxb7 36. Kf2 Nc7 37. h3 Ka6 38. Ke3 Kxa5 39. Kd2 Kb5 40. Kc1 a5 41. Kb2 g5 42. Ne2 Nh5 43. Bd1 Ng3 44. Nxg3 hxg3 45. Ka3 f6 46. Ba4+ Kb6 47. Bd7 e5 48. d5 Na6 49. Bf5 Nc5 50. Bg6 Kc7 51. Bf5 Kd6 52. Bg6 Nd3 0-1


[Site "https://www.chess.com"]

[Event "Titled Tuesday Blitz June 27 Late 2023"]
[White "Labussiere, Yago"]
[Black "Moral Garcia, Serafin"]
[WhiteFideId "2186969"]
[BlackFideId "2201925"]
[WhiteElo "2444"]
[BlackElo "2624"]
[Result "0-1"]
[Round "3"]
[TimeControl "180+2"]
[Date "2023.06.27"]
[WhiteClock "0:00:18"]
[BlackClock "0:00:20"]
[Board "94"]

1. d4 Nf6 2. c4 g6 3. Nc3 d5 4. Bf4 Bg7 5. Rc1 O-O 6. e3 Nh5 7. Bg5 dxc4 8. Bxc4 Nd7 9. Nf3 Nb6 10. Bb3 Nf6 11. O-O h6 12. Bh4 Bf5 13. Qe2 Ne4 14. Nxe4 Bxe4 15. Nd2 Bc6 16. Bg3 Qd7 17. Rfd1 Rac8 18. Nb1 e6 19. Nc3 Qe7 20. a3 Rfd8 21. h3 a6 22. Rd2 Rd7 23. Rcd1 Rcd8 24. Rd3 f5 25. f3 Kh7 26. Bf2 Nd5 27. Nxd5 Bxd5 28. Bxd5 exd5 29. Rb3 c6 30. Qd3 Re8 31. Re1 h5 32. h4 Bf6 33. g3 Bg7 34. Kg2 Bh6 35. a4 Qf7 36. f4 Bf8 37. Rc1 Bd6 38. Be1 Qe6 39. Bd2 Qe4+ 40. Qxe4 Rxe4 41. a5 Kg7 42. Kf3 Kf7 43. Rd3 Ke8 44. Ra1 Kd8 45. Ra4 Kc7 46. Bb4 Bxb4 47. Rxb4 Re8 48. Rdb3 Rb8 49. Rc3 b5 50. Rcb3 Kd6 51. Rc3 Rc7 52. Rc5 Re8 53. Rb3 Rb8 54. Rbc3 b4 55. Rb3 Rcb7 56. Rd3 Rb5 57. Rc1 Rxa5 58. Rd2 Rab5 59. Rdc2 R8b6 60. Ra1 a5 61. b3 c5 62. dxc5+ Rxc5 63. Rxc5 Kxc5 64. Rxa5+ Kd6 65. Ra8 Rc6 66. Rc8 Rxc8 0-1


[Site "https://www.chess.com"]

[Event "Titled Tuesday Blitz June 27 Late 2023"]
[White "Zeynalli, Rashad"]
[Black "szachmistrz2500"]
[WhiteFideId "13403320"]
[WhiteElo "2623"]
[BlackElo "2439"]
[Result "0-1"]
[Round "3"]
[TimeControl "180+2"]
[Date "2023.06.27"]
[WhiteClock "0:00:44"]
[BlackClock "0:00:10"]
[Board "95"]

1. e4 c5 2. Nf3 d6 3. Bb5+ Bd7 4. Bxd7+ Qxd7 5. c4 Nc6 6. d4 cxd4 7. Nxd4 Nf6 8. Nc3 e6 9. O-O Be7 10. Be3 O-O 11. f3 Rac8 12. b3 d5 13. Nxc6 bxc6 14. e5 Ne8 15. f4 f6 16. Qe2 d4 17. Rad1 c5 18. Ne4 f5 19. Nf2 Qb7 20. Bd2 Nc7 21. Nd3 Ra8 22. Ba5 Na6 23. h3 Nb4 24. Bxb4 cxb4 25. Qf3 Qd7 26. c5 a5 27. c6 Qa7 28. Rc1 Rac8 29. Rc4 Rc7 30. Rfc1 Rd8 31. g4 Rf8 32. Qf2 fxg4 33. hxg4 Rd8 34. f5 Bg5 35. Nf4 Bxf4 36. Qxf4 d3+ 37. Qf2 Qxf2+ 38. Kxf2 exf5 39. gxf5 Rf8 40. f6 gxf6 41. e6 Re8 42. Rg1+ Kf8 43. Re1 d2 44. Rd1 Rxe6 45. Rxd2 Rexc6 46. Rf4 Kf7 47. Rf5 Rc2 48. Ke1 Re7+ 49. Kd1 Rxd2+ 50. Kxd2 Re5 51. Rf4 Ke6 52. Kd3 h5 53. Kd4 Rg5 54. Re4+ Kd6 55. Re8 Rg4+ 56. Ke3 Rg2 57. Rd8+ Ke6 58. Re8+ Kf5 59. Rh8 Kg4 60. Rg8+ Kh3 61. Rf8 Rxa2 62. Rxf6 Ra3 63. Rf3+ Kg4 64. Ke4 h4 65. Rf4+ Kg3 66. Rf5 h3 67. Rg5+ Kf2 68. Rh5 Kg2 69. Rg5+ Kh1 70. Rg3 h2 71. Kd4 a4 72. Kc4 Rxb3 73. Rg8 Rb2 74. Kb5 a3 75. Ka4 a2 76. Kb5 a1=Q 77. Rg4 Qf1+ 78. Rc4 Rc2 79. Ka4 Qxc4 80. Ka5 Ra2+ 81. Kb6 Ra6+ 82. Kb7 Qc6+ 83. Kb8 Ra8# 0-1


[Site "https://www.chess.com"]

[Event "Titled Tuesday Blitz June 27 Late 2023"]
[White "Chen, Justin"]
[Black "SergioMoralesG"]
[WhiteFideId "2098199"]
[WhiteElo "2620"]
[BlackElo "2438"]
[Result "1-0"]
[Round "3"]
[TimeControl "180+2"]
[Date "2023.06.27"]
[WhiteClock "0:00:14"]
[BlackClock "0:00:08"]
[Board "96"]

1. Nf3 c5 2. b3 Nc6 3. Bb2 d5 4. e3 a6 5. d4 cxd4 6. Nxd4 Nf6 7. c4 e6 8. Nd2 Bd6 9. Be2 O-O 10. O-O e5 11. Nxc6 bxc6 12. cxd5 cxd5 13. Rc1 Bf5 14. Nf3 Re8 15. Rc6 a5 16. Qa1 e4 17. Nd4 Bg4 18. Rfc1 Be5 19. h3 Bd7 20. R6c2 a4 21. bxa4 Bxa4 22. Nc6 Bxc6 23. Rxc6 Bxb2 24. Qxb2 Qa5 25. R6c2 h6 26. Bb5 Re6 27. a4 Kh7 28. Qd4 Rd8 29. Rc7 Kg8 30. Ra7 Ra8 31. Rxa5 Rxa5 32. Rc7 Ne8 33. Rc8 Kh7 34. Rxe8 Rxe8 35. Bxe8 1-0


[Site "https://www.chess.com"]

[Event "Titled Tuesday Blitz June 27 Late 2023"]
[White "TimGrutter03"]
[Black "liwadas82"]
[WhiteElo "2619"]
[BlackElo "2437"]
[Result "0-1"]
[Round "3"]
[TimeControl "180+2"]
[Date "2023.06.27"]
[WhiteClock "0:00:07"]
[BlackClock "0:00:19"]
[Board "98"]

1. d4 Nf6 2. Nc3 e6 3. e4 d5 4. Bg5 Be7 5. e5 Nfd7 6. h4 h6 7. Bxe7 Qxe7 8. f4 a6 9. Nf3 c5 10. Qd2 Nc6 11. dxc5 Nxc5 12. O-O-O b5 13. Nd4 Nxd4 14. Qxd4 Bb7 15. g4 Rc8 16. Kb1 O-O 17. Bd3 Nxd3 18. Rxd3 Rc4 19. Qg1 d4 20. Ne2 Bxh1 21. Qxh1 Qc5 22. Rd2 Rc8 23. Qd1 Rd8 24. c3 Qd5 25. cxd4 Qe4+ 26. Ka1 Rdc8 27. a3 Qf3 28. g5 hxg5 29. hxg5 g6 30. Ka2 Kg7 31. Qe1 Qd5 32. Ka1 Rc2 33. Nc3 R8xc3 34. bxc3 Qa2# 0-1


[Site "https://www.chess.com"]

[Event "Titled Tuesday Blitz June 27 Late 2023"]
[White "Karthik, Advaith"]
[Black "Jarmula, Lukasz"]
[WhiteFideId "30946050"]
[BlackFideId "1160664"]
[WhiteElo "2435"]
[BlackElo "2619"]
[Result "1-0"]
[Round "3"]
[TimeControl "180+2"]
[Date "2023.06.27"]
[WhiteClock "0:00:16"]
[BlackClock "0:00:07"]
[Board "99"]

1. d4 d6 2. e4 Nf6 3. Nc3 e5 4. dxe5 dxe5 5. Qxd8+ Kxd8 6. Nf3 Bd6 7. Bg5 Nd7 8. O-O-O a6 9. h3 b5 10. a4 bxa4 11. Bc4 a3 12. b3 Ke8 13. Bxf6 Nxf6 14. Ng5 Rf8 15. Nd5 Nd7 16. Nxh7 Rh8 17. Ng5 Bb7 18. Nc3 Rf8 19. Kb1 Nb6 20. Bd5 Nxd5 21. exd5 Kd7 22. Ka2 a5 23. Rhe1 Bb4 24. Re3 Rae8 25. Na4 Bd6 26. c4 Be7 27. Ne4 Kc8 28. Nec5 Ba8 29. Rxe5 Bd6 30. Ree1 f5 31. Ne6 Rf7 32. Ng5 Rfe7 33. Rxe7 Rxe7 34. c5 Be5 35. d6 cxd6 36. Nb6+ Kb7 37. Nxa8 Kxa8 38. cxd6 Rd7 39. Rd5 Bf4 40. Ne6 Bh2 41. g3 Bg1 42. Nc5 Rd8 43. d7 Bxf2 44. Ne6 Bb6 45. Nxd8 Bxd8 46. Rxf5 Kb7 47. Kxa3 Kc7 48. Rf7 Kd6 49. Rxg7 1-0


[Site "https://www.chess.com"]

[Event "Titled Tuesday Blitz June 27 Late 2023"]
[White "Martinez Ramirez, Lennis"]
[Black "Gasparyan, David"]
[WhiteFideId "3509079"]
[BlackFideId "13311980"]
[WhiteElo "2616"]
[BlackElo "2434"]
[Result "1-0"]
[Round "3"]
[TimeControl "180+2"]
[Date "2023.06.27"]
[WhiteClock "0:00:55"]
[BlackClock "0:00:11"]
[Board "100"]

1. Nf3 Nf6 2. c4 d5 3. cxd5 Nxd5 4. e4 Nb6 5. d4 g6 6. h4 h5 7. Be2 Bg4 8. Nc3 Bg7 9. Ng5 Bxe2 10. Nxe2 c5 11. d5 N8d7 12. a4 Ne5 13. a5 Nbc4 14. f4 Nd7 15. Qa4 Nxb2 16. Bxb2 Bxb2 17. Rb1 Bg7 18. Rxb7 Qc8 19. a6 c4 20. e5 O-O 21. Qxd7 Qc5 22. Qxe7 Qa5+ 23. Kf2 Rae8 24. Qd6 Rd8 25. Qc6 Rxd5 26. Qxc4 Rc5 27. Ra1 Qxa1 28. Qxc5 Qxa6 29. Qxa7 Qc4 30. e6 Qc2 31. Rxf7 1-0


[Site "https://www.chess.com"]

[Event "Titled Tuesday Blitz June 27 Late 2023"]
[White "zsizsi99"]
[Black "Piesik, Piotr"]
[BlackFideId "1136194"]
[WhiteElo "2431"]
[BlackElo "2614"]
[Result "0-1"]
[Round "3"]
[TimeControl "180+2"]
[Date "2023.06.27"]
[WhiteClock "0:00:06"]
[BlackClock "0:01:02"]
[Board "101"]

1. e4 g6 2. d4 Bg7 3. h4 h5 4. Nc3 c6 5. d5 Nf6 6. Nf3 cxd5 7. exd5 d6 8. Bb5+ Nbd7 9. Bg5 a6 10. Bxd7+ Bxd7 11. O-O O-O 12. Re1 Re8 13. a4 b5 14. axb5 axb5 15. Qe2 Rxa1 16. Rxa1 Qb6 17. Be3 Qb8 18. Bd4 b4 19. Ne4 Nxd5 20. Bxg7 Kxg7 21. Qd2 Nf6 22. Nxf6 exf6 23. Ra6 Re6 24. Qd4 b3 25. c4 Qc7 26. Rb6 Bc6 27. Rxb3 Bxf3 28. Rxf3 d5 29. g3 dxc4 30. Qc3 Qc6 31. Rf4 Rd6 32. Kh2 Rd1 33. f3 Qb6 34. Qc2 Qg1+ 35. Kh3 Qf1+ 36. Qg2 Qd3 37. g4 Rd2 38. Qg3 Qf1+ 0-1


[Site "https://www.chess.com"]

[Event "Titled Tuesday Blitz June 27 Late 2023"]
[White "Andrej2004"]
[Black "Ladan, Nicholas"]
[BlackFideId "30918855"]
[WhiteElo "2612"]
[BlackElo "2428"]
[Result "1-0"]
[Round "3"]
[TimeControl "180+2"]
[Date "2023.06.27"]
[WhiteClock "0:01:35"]
[BlackClock "0:00:00"]
[Board "102"]

1. Nf3 d5 2. g3 Bg4 3. Bg2 e6 4. b3 Nd7 5. Bb2 a5 6. a3 Ngf6 7. h3 Bh5 8. O-O a4 9. b4 c5 10. bxc5 Bxc5 11. d3 O-O 12. Nbd2 Rc8 13. g4 Bg6 14. c4 dxc4 15. Nxc4 b5 16. Nce5 Nd5 17. Qd2 Nxe5 18. Nxe5 b4 19. axb4 Bxb4 20. Qd1 Bc3 21. Bxc3 Nxc3 22. Qd2 Qd4 23. Nc6 Rxc6 24. Bxc6 h5 25. Rfc1 Nd5 26. Rxa4 Qf6 27. Bxd5 exd5 28. Qf4 Qe7 29. Qf3 hxg4 30. hxg4 f6 31. Rca1 Bf7 32. Ra8 Qe5 33. Rxf8+ Kxf8 34. Ra8+ Be8 35. Qe3 Qxe3 36. fxe3 Kf7 37. Kf2 Bd7 38. Ra7 Ke6 39. Kf3 g5 40. e4 dxe4+ 41. Kxe4 Bc6+ 42. Kd4 Bg2 43. Ke3 Bh3 44. Kf3 f5 45. Ra6+ Ke5 46. Ra5+ Kf6 47. Rxf5+ Kg6 48. Kg3 Bf1 49. Rxf1 1-0


[Site "https://www.chess.com"]

[Event "Titled Tuesday Blitz June 27 Late 2023"]
[White "lagarto93"]
[Black "Rangel, Daniel"]
[BlackFideId "2124475"]
[WhiteElo "2605"]
[BlackElo "2425"]
[Result "0-1"]
[Round "3"]
[TimeControl "180+2"]
[Date "2023.06.27"]
[WhiteClock "0:01:19"]
[BlackClock "0:00:41"]
[Board "103"]

1. d4 Nf6 2. c4 e6 3. Nc3 d5 4. cxd5 exd5 5. Bg5 c6 6. e3 Be7 7. Bd3 Nbd7 8. Nf3 Nh5 9. Bxe7 Qxe7 10. O-O Ndf6 11. Ne5 g6 12. Rb1 O-O 13. b4 a6 14. a4 Ng7 15. b5 axb5 16. axb5 c5 17. Qf3 Qd6 18. b6 Bf5 19. Nb5 Qxb6 20. Bxf5 Nxf5 21. dxc5 Qxc5 22. g4 Qe7 23. Qf4 Nd6 24. Nxd6 Qxd6 25. Rxb7 Qe6 26. h3 Ne4 27. Rd1 Ra2 28. Nd3 Nc3 29. Nc1 Rc2 30. Rc7 Rxc1 0-1


[Site "https://www.chess.com"]

[Event "Titled Tuesday Blitz June 27 Late 2023"]
[White "Gulamali, Kazim"]
[Black "Sun, Rick"]
[WhiteFideId "2024764"]
[BlackFideId "30909481"]
[WhiteElo "2423"]
[BlackElo "2600"]
[Result "0-1"]
[Round "3"]
[TimeControl "180+2"]
[Date "2023.06.27"]
[WhiteClock "0:00:26"]
[BlackClock "0:00:07"]
[Board "104"]

1. e4 d6 2. d4 Nf6 3. Nc3 Nbd7 4. g4 e5 5. g5 Ng8 6. f4 h6 7. g6 Qh4+ 8. Ke2 Qg4+ 9. Nf3 Qxg6 10. Rg1 Qh7 11. f5 c6 12. Kf2 Ngf6 13. Bc4 b5 14. Bb3 b4 15. dxe5 dxe5 16. Qd3 bxc3 17. Qc4 Bc5+ 18. Be3 Bxe3+ 19. Kxe3 O-O 20. bxc3 a5 21. a3 Ba6 22. Qxc6 Rfc8 23. Bxf7+ Kh8 24. Qa4 Rxc3+ 25. Kd2 Rac8 26. Bb3 Nc5 27. Qxa5 Nxb3+ 28. cxb3 Nxe4+ 29. Kd1 Qxf5 30. Rf1 Bxf1 31. Ke1 Qxf3 32. Ra2 Rc1# 0-1


[Site "https://www.chess.com"]

[Event "Titled Tuesday Blitz June 27 Late 2023"]
[White "MKlose11"]
[Black "Hoffmann, Asa"]
[BlackFideId "2001470"]
[WhiteElo "2598"]
[BlackElo "2422"]
[Result "1-0"]
[Round "3"]
[TimeControl "180+2"]
[Date "2023.06.27"]
[WhiteClock "0:01:28"]
[BlackClock "0:01:25"]
[Board "105"]

1. e4 d6 2. d4 Nf6 3. Nc3 c6 4. g3 Nbd7 5. Bg2 e5 6. Nge2 Be7 7. O-O b5 8. a3 a6 9. h3 Bb7 10. Be3 O-O 11. g4 Ne8 12. Qd2 h6 13. Ng3 Bg5 14. Rad1 Bxe3 15. Qxe3 Qg5 16. f4 exd4 17. Qxd4 Qc5 18. Nf5 Ndf6 19. Nxd6 Qxd6 20. Qxd6 Nxd6 21. Rxd6 Rfd8 22. Rfd1 Rxd6 23. Rxd6 Kf8 24. e5 Ke7 25. Bxc6 Rb8 26. Bxb7 Rxb7 27. Rxa6 Ne8 28. Kf2 Nc7 29. Rc6 Kd7 30. Rc5 b4 31. axb4 Rxb4 32. Rxc7+ Kxc7 33. Nd5+ 1-0


[Site "https://www.chess.com"]

[Event "Titled Tuesday Blitz June 27 Late 2023"]
[White "ATM622"]
[Black "Barski, Radoslaw"]
[BlackFideId "1131710"]
[WhiteElo "2591"]
[BlackElo "2422"]
[Result "1-0"]
[Round "3"]
[TimeControl "180+2"]
[Date "2023.06.27"]
[WhiteClock "0:01:03"]
[BlackClock "0:00:11"]
[Board "106"]

1. d4 Nf6 2. c4 g6 3. g3 Bg7 4. Bg2 O-O 5. Nf3 d6 6. O-O Nc6 7. Nc3 a6 8. d5 Na5 9. Nd2 c5 10. Qc2 Bf5 11. e4 Bd7 12. Rb1 e5 13. h3 h5 14. f4 h4 15. fxe5 dxe5 16. g4 Nh7 17. Nf3 Nxc4 18. b3 Nd6 19. Qf2 f5 20. gxf5 gxf5 21. Qxh4 fxe4 22. Ng5 Rxf1+ 23. Bxf1 Bf5 24. Be3 Bg6 25. Qg4 Nf5 26. Ne6 Qf6 27. Nxe4 Qf7 28. Bxc5 Nd4 29. Nxd4 exd4 30. d6 b5 31. a4 Bf5 32. Qg2 Qg6 33. Bd3 Re8 34. axb5 axb5 35. Qxg6 Bxg6 36. Re1 Ng5 37. d7 Rd8 38. Nxg5 Bxd3 39. Re8+ 1-0


[Site "https://www.chess.com"]

[Event "Titled Tuesday Blitz June 27 Late 2023"]
[White "Ai, Evan"]
[Black "Bitoon, Richard"]
[WhiteFideId "2094770"]
[BlackFideId "5201110"]
[WhiteElo "2418"]
[BlackElo "2590"]
[Result "1-0"]
[Round "3"]
[TimeControl "180+2"]
[Date "2023.06.27"]
[WhiteClock "0:00:21"]
[BlackClock "0:00:07"]
[Board "107"]

1. d4 Nf6 2. c4 g6 3. Nf3 Bg7 4. g3 O-O 5. Bg2 d6 6. Nc3 Nc6 7. O-O Bg4 8. e4 e5 9. d5 Nd4 10. Qd3 Nd7 11. Nxd4 exd4 12. Ne2 Nc5 13. Qd2 Re8 14. f3 d3 15. Nf4 Bd7 16. Nxd3 Na4 17. Rb1 b5 18. b3 Nc3 19. Rb2 bxc4 20. bxc4 Rb8 21. Rc2 Na4 22. Ba3 c5 23. dxc6 Bxc6 24. Nb4 Ba8 25. Nd5 Rc8 26. Ne3 Nc5 27. Rd1 Bh6 28. Qf2 Qb6 29. Ng4 Bg7 30. Bb2 Na4 31. Bxg7 Kxg7 32. Qxb6 Nxb6 33. Rxd6 Nxc4 34. Rd7 h5 35. Nf2 Ne3 36. Rxc8 Rxc8 37. Nd3 Rc2 38. Bh3 Rxa2 39. Be6 Ra1+ 40. Kf2 Nd1+ 41. Kg2 Ne3+ 42. Kh3 Kf6 43. Bxf7 Bc6 44. e5+ Kf5 45. Rd6 Bxf3 46. Bxg6+ Kg5 47. g4 Rg1 48. Bxh5 Nxg4 49. Rg6+ Kxh5 50. Nf4# 1-0


[Site "https://www.chess.com"]

[Event "Titled Tuesday Blitz June 27 Late 2023"]
[White "Figorito, Nick"]
[Black "Wachinger, Nikolas"]
[WhiteFideId "30923689"]
[BlackFideId "12962791"]
[WhiteElo "2418"]
[BlackElo "2589"]
[Result "0-1"]
[Round "3"]
[TimeControl "180+2"]
[Date "2023.06.27"]
[WhiteClock "0:00:09"]
[BlackClock "0:00:07"]
[Board "108"]

1. Nf3 g6 2. g3 Bg7 3. Bg2 d6 4. O-O Nc6 5. c4 e5 6. Nc3 Nf6 7. d3 O-O 8. Rb1 a5 9. a3 Re8 10. e4 Bg4 11. h3 Bxf3 12. Bxf3 Nd4 13. Bg2 c6 14. b4 axb4 15. axb4 Nd7 16. Be3 Ra3 17. Bxd4 exd4 18. Ne2 Qa8 19. Ra1 Ne5 20. Rxa3 Qxa3 21. Nxd4 Nxd3 22. Nc2 Qc3 23. Qb1 Qxc4 24. Ne3 Qc3 25. b5 Bd4 26. Nd1 Qd2 27. bxc6 bxc6 28. Qb7 Ne5 29. Qb3 c5 30. Ne3 Bxe3 31. fxe3 c4 32. Rd1 cxb3 33. Rxd2 Nc4 34. Rd1 b2 35. Rb1 Ra8 36. Bf1 Ra1 37. Bd3 Na3 0-1


[Site "https://www.chess.com"]

[Event "Titled Tuesday Blitz June 27 Late 2023"]
[White "i_like_explosions"]
[Black "Rostomyan, Mikayel"]
[BlackFideId "13313754"]
[WhiteElo "2417"]
[BlackElo "2584"]
[Result "0-1"]
[Round "3"]
[TimeControl "180+2"]
[Date "2023.06.27"]
[WhiteClock "0:01:36"]
[BlackClock "0:01:46"]
[Board "109"]

1. d4 Nf6 2. Bg5 c5 3. d5 e6 4. c4 exd5 5. cxd5 d6 6. Nc3 Be7 7. e4 O-O 8. Nf3 a6 9. a4 h6 10. Bh4 Nxd5 11. Nxd5 Bxh4 12. Bd3 Nc6 13. O-O Bg4 14. h3 Bh5 15. g4 Bg6 16. Qb3 Rb8 17. Rad1 Bf6 18. Bb1 Bd4 19. Nxd4 Nxd4 20. Qd3 Re8 21. Rfe1 Qg5 22. f4 Qxd5 23. exd5 Rxe1+ 24. Rxe1 Bxd3 25. Bxd3 Nf3+ 0-1


[Site "https://www.chess.com"]

[Event "Titled Tuesday Blitz June 27 Late 2023"]
[White "Przybylski, Wojciech"]
[Black "Pesotskiy, Mikhail"]
[WhiteFideId "1117599"]
[BlackFideId "34164453"]
[WhiteElo "2582"]
[BlackElo "2399"]
[Result "1-0"]
[Round "3"]
[TimeControl "180+2"]
[Date "2023.06.27"]
[WhiteClock "0:00:24"]
[BlackClock "0:00:00"]
[Board "110"]

1. d4 e6 2. e4 d5 3. Nc3 Bb4 4. a3 Bxc3+ 5. bxc3 dxe4 6. Qg4 Nf6 7. Qxg7 Rg8 8. Qh6 Rg6 9. Qe3 Nbd7 10. c4 b6 11. Qc3 Bb7 12. Be3 Qe7 13. h3 O-O-O 14. Ne2 e5 15. d5 c6 16. O-O-O Nc5 17. Ng3 cxd5 18. cxd5 Nxd5 19. Qe1 Nd3+ 20. Rxd3 exd3 21. Kb2 Nxe3 22. Qxe3 dxc2 23. Bd3 Rc6 24. Bxc2 Qc5 25. Bxh7 Qxe3 26. fxe3 Rd2+ 27. Kb3 Rxg2 28. Nf5 Rc5 29. Nd6+ Kc7 30. Nxb7 Rb5+ 31. Kc4 a6 32. Be4 1-0


[Site "https://www.chess.com"]